Map: Cyber Forest LE

Players

Parkkatz

  • Race: Zerg Zerg
  • League: Platinum
  • Spawn Location: 11:00

theepotatolo - Winner!

  • Race: Zerg Zerg
  • League: Platinum
  • Spawn Location: 5:00

VOD

Have the link to the VOD?

Description

Time

  • Played on: July 3, 2019, 5:56 p.m.
  • Length: 7:15
Show
View Real Time Build Order
Export as new Build Order

Parkkatz Zerg 

Build Orders: Hatch First 

Get SALT Encoding   

  12  0:01  Drone  
  13  0:13  Overlord  
  13  0:17  Drone  
  14  0:31  Drone x2  
  14  0:35  Drone  
  17  0:50  Drone  
  18  0:58  Hatchery  
  17  1:05  Drone, Extractor  
  17  1:18  Spawning Pool  
  17  1:19  Drone  
  17  1:22  Drone  
  18  1:29  Drone  
  19  1:39  Overlord  
  19  2:07  Zergling x4  
  21  2:09  Queen  
  21  2:10  Queen  
  21  2:12  Zergling x4  
  27  2:17  Spine Crawler  
  26  2:23  Zergling x2  
  26  2:24  Metabolic Boost  
  27  2:30  Zergling x2  
  26  2:53  Drone x4  
  30  3:01  Overlord  
  30  3:02  Drone  
  27  3:13  Drone x2  
  29  3:20  Zergling x8  
  29  3:23  Zergling x8  
  37  3:28  Zergling x2  
  37  3:33  Zergling x2  
  39  3:37  Queen  
  41  3:47  Baneling Nest  
  36  3:51  Zergling x2  
  36  3:55  Drone x3  
  34  4:06  Zergling x10  
  29  4:11  Zergling x2  
  29  4:12  Zergling x4  
  30  4:19  Queen  
  30  4:20  Zergling x2  
  29  4:32  Queen  
  29  4:35  Drone  
  29  4:38  Drone  
  33  4:42  Drone  
  34  4:50  Zergling x4  
  28  4:55  Zergling x4  
  29  5:09  Drone x4  
  29  5:10  Drone  
  29  5:12  Baneling  
  29  5:14  Baneling x2  
  33  5:22  Drone x2  
  33  5:25  Drone  
  36  5:29  Overlord  
  36  5:41  Overlord x2  
  36  5:49  Zergling x8  
  39  5:55  Baneling x4  
  39  5:57  Drone x2  
  39  6:03  Drone x3  
  44  6:06  Extractor  
  44  6:07  Extractor  
  36  6:41  Zergling x4  
  36  6:42  Zergling x10  
  36  6:46  Drone  
  36  6:47  Drone x2  
  46  6:51  Zergling x2  
Show
View Real Time Build Order
Export as new Build Order

theepotatolo Zerg - Winner!

Build Orders: 1 Base Baneling Bust, Pool First, Zergling Baneling 

Get SALT Encoding   

  12  0:02  Drone  
  13  0:09  Drone  
  14  0:15  Extractor  
  14  0:16  Drone  
  14  0:33  Spawning Pool  
  13  0:36  Drone  
  14  0:45  Drone, Extractor  
  15  0:53  Overlord  
  15  1:12  Drone  
  16  1:19  Queen  
  16  1:20  Zergling x4  
  16  1:23  Zergling x2  
  21  1:34  Overlord  
  21  1:39  Metabolic Boost  
  21  1:48  Baneling Nest  
  21  1:53  Drone  
  21  2:00  Zergling x2  
  22  2:06  Zergling x2  
  23  2:18  Zergling x2  
  24  2:31  Drone, Zergling x2  
  24  2:56  Zergling x6  
  27  3:00  Zergling x2  
  27  3:01  Zergling x4  
  27  3:05  Hatchery  
  29  3:11  Baneling  
  29  3:13  Baneling  
  29  3:16  Baneling  
  29  3:30  Drone x2, Evolution Chamber  
  30  3:35  Baneling  
  23  4:09  Zergling x6  
  25  4:10  Drone x3  
  27  4:19  Queen  
  27  4:23  Zerg Melee Weapons Level 1  
  27  4:24  Zergling x4  
  30  4:30  Baneling x2  
  30  4:31  Baneling x3  
  29  4:32  Drone  
  29  4:34  Zergling x2  
  31  4:39  Zergling x2  
  31  4:43  Spine Crawler  
  31  4:52  Baneling  
  28  4:53  Baneling  
  28  4:54  Baneling x2  
  28  4:55  Zergling x4  
  30  5:09  Zergling x6  
  33  5:24  Zergling x6  
  36  5:48  Baneling x4  
  36  5:49  Overlord x4  
  32  6:33  Drone x3  
  32  6:34  Drone x2  
  36  6:44  Baneling x4  
  36  6:45  Hatchery, Zergling x6  
Tags
 
Add a new tag
Caveats
  • Supply blocks, unpowered buildings, or Contaminate may cause inaccurate times.
  • Supply counts are checked every 10 seconds.